Map: Sequencer LE

Players

DnS - Winner!

  • Race: Protoss Protoss
  • Spawn Location: 7:00

Thalandros

  • Race: Zerg Zerg
  • Spawn Location: 1:00

Event: WCS Valencia 2017

VOD

Have the link to the VOD?

Description

Time

  • Played on: July 13, 2017, 8:03 a.m.
  • Length: 11:42

All games in this series

Show
View Real Time Build Order
Export as new Build Order

DnS Protoss - Winner!

Build Orders: 1 Gate Expand, Oracle Opening 

Get SALT Encoding   

  12  0:00  Probe (Chrono Boost)  
  13  0:11  Probe (Chrono Boost)  
  14  0:18  Pylon  
  14  0:22  Probe (Chrono Boost)  
  15  0:37  Probe (Chrono Boost)  
  15  0:40  Gateway  
  16  0:47  Probe (Chrono Boost)  
  16  0:48  Assimilator  
  17  0:58  Probe (Chrono Boost)  
  18  1:08  Probe (Chrono Boost)  
  19  1:20  Nexus  
  19  1:24  Probe (Chrono Boost)  
  20  1:34  Cybernetics Core  
  20  1:37  Probe (Chrono Boost)  
  21  1:44  Assimilator  
  21  1:48  Probe (Chrono Boost)  
  21  1:51  Pylon  
  22  1:58  Probe (Chrono Boost)  
  23  2:09  Probe (Chrono Boost)  
  23  2:11  Warp Gate, Adept (Chrono Boost)  
  26  2:21  Probe  
  27  2:34  Probe, Stargate  
  27  2:37  Probe  
  27  2:39  Adept (Chrono Boost)  
  30  2:46  Probe  
  30  2:48  Probe  
  32  2:58  Probe (Chrono Boost)  
  32  2:59  Probe (Chrono Boost)  
  34  3:10  Probe x2 (Chrono Boost)  
  36  3:13  Gateway  
  36  3:14  Gateway  
  36  3:20  Probe x2 (Chrono Boost), Oracle (Chrono Boost)  
  41  3:28  Pylon  
  41  3:30  Probe  
  41  3:32  Probe, Adept  
  45  3:40  Probe  
  45  3:46  Probe, Pylon  
  45  3:47  Pylon  
  47  3:52  Oracle (Chrono Boost)  
  50  4:05  Probe  
  50  4:08  Probe  
  51  4:14  Adept x3  
  58  4:20  Nexus  
  58  4:22  Probe  
  58  4:23  Probe  
  60  4:31  Assimilator  
  60  4:33  Probe, Assimilator, Pylon  
  60  4:36  Pylon  
  61  4:39  Probe  
  61  4:43  Probe  
  63  4:51  Probe  
  64  4:55  Probe  
  65  5:01  Sentry x3  
  65  5:03  Probe  
  65  5:06  Probe  
  72  5:09  Twilight Council  
  72  5:10  Forge  
  72  5:13  Pylon  
  73  5:16  Probe  
  73  5:19  Robotics Facility  
  75  5:26  Pylon, Mothership Core  
  75  5:28  Probe  
  67  5:35  Probe, Protoss Ground Weapons Level 1 (Chrono Boost)  
  67  5:39  Charge (Chrono Boost)  
  67  5:40  Probe  
  67  5:41  Zealot  
  67  5:42  Zealot x2  
  75  5:46  Probe  
  75  5:47  Probe  
  77  5:52  Probe  
  77  5:55  Assimilator  
  77  5:56  Probe  
  77  5:57  Phoenix, Assimilator  
  78  5:59  Probe  
  82  6:04  Probe  
  82  6:08  Probe, Warp Prism (Chrono Boost)  
  86  6:11  Probe  
  86  6:14  Templar Archives  
  86  6:16  Probe  
  88  6:20  Pylon, Probe  
  88  6:23  Probe  
  90  6:28  Probe  
  90  6:29  Pylon  
  90  6:30  Gateway  
  90  6:31  Gateway  
  91  6:33  Probe, Gateway  
  91  6:35  Gateway  
  91  6:36  Probe  
  93  6:40  Psionic Storm  
  93  6:41  Gateway  
  93  6:43  Observer (Chrono Boost)  
  93  6:45  Probe  
  93  6:46  Probe  
  96  6:57  Immortal  
  96  7:07  Photon Cannon  
  100  7:12  Nexus  
  100  7:15  Photon Cannon  
  100  7:16  Pylon, High Templar x3  
  106  7:23  Photon Cannon, Protoss Ground Weapons Level 2 (Chrono Boost)  
  106  7:24  Probe x3  
  106  7:25  Pylon  
  109  7:31  Pylon  
  109  7:33  Immortal  
  109  7:37  Assimilator  
  109  7:40  High Templar  
  115  7:44  Pylon  
  115  7:45  Probe x3  
  115  7:49  Photon Cannon  
  118  7:52  Robotics Facility  
  118  8:02  High Templar x2  
  118  8:03  Zealot x3  
  128  8:06  Archon  
  128  8:09  Immortal (Chrono Boost)  
  128  8:13  Gateway  
  128  8:15  Gateway  
  132  8:28  High Templar  
  132  8:29  High Templar  
  132  8:33  Photon Cannon, Archon  
  136  8:34  Zealot x4  
  136  8:35  Zealot x2, Pylon  
  136  8:40  Immortal (Chrono Boost)  
  152  8:48  Immortal (Chrono Boost)  
  156  8:56  Photon Cannon  
  156  8:57  Pylon  
  156  8:58  Pylon  
  156  9:03  High Templar x2  
  156  9:08  Archon  
  159  9:16  Probe  
  153  9:17  Probe x3  
  153  9:20  Immortal x2 (Chrono Boost)  
  165  9:27  High Templar x2  
  165  9:29  Probe  
  170  9:32  Archon  
  170  9:33  Void Ray (Chrono Boost)  
  172  9:44  Pylon  
  172  9:45  Zealot x2  
  172  9:46  Zealot x3, Pylon  
  172  9:49  High Templar x2  
  186  9:54  Archon  
  186  9:59  Zealot  
  188  10:00  Zealot x2  
  188  10:06  Immortal  
  196  10:17  Immortal  
  192  10:39  Templar Archives  
  192  10:41  Immortal  
  174  10:45  Photon Cannon  
  174  10:46  Photon Cannon  
  174  10:48  Pylon  
  178  10:50  Pylon  
  178  10:53  Assimilator  
  175  10:57  Nexus  
  175  11:00  Zealot x4  
  175  11:01  Zealot x6  
  195  11:08  Photon Cannon  
  195  11:11  Fleet Beacon  
  195  11:15  Stargate  
  175  11:36  Archon  
  175  11:38  Archon  
  155  11:41  Zealot x10  
Show
View Real Time Build Order
Export as new Build Order

Thalandros Zerg 

Build Orders: Hatch First 

Get SALT Encoding   

  12  0:01  Drone  
  13  0:13  Overlord  
  13  0:18  Drone  
  14  0:31  Drone x2  
  14  0:35  Drone  
  17  0:54  Hatchery  
  16  0:59  Drone  
  16  1:01  Drone  
  18  1:04  Extractor  
  17  1:17  Spawning Pool  
  16  1:20  Drone  
  16  1:23  Drone  
  18  1:31  Drone  
  19  1:40  Overlord  
  19  2:03  Queen  
  19  2:05  Zergling x4  
  19  2:06  Queen  
  25  2:10  Metabolic Boost  
  25  2:22  Drone x3  
  28  2:23  Drone  
  29  2:34  Drone x2  
  31  2:42  Overlord  
  31  2:48  Drone  
  32  2:55  Hatchery  
  31  3:04  Drone x3  
  34  3:09  Queen  
  36  3:16  Drone x4  
  40  3:20  Overlord  
  40  3:30  Drone x4  
  44  3:34  Overlord  
  44  3:37  Spore Crawler  
  44  3:39  Spore Crawler  
  42  3:44  Drone x2  
  42  3:45  Drone  
  45  3:53  Baneling Nest, Evolution Chamber  
  43  4:01  Drone x5  
  48  4:04  Extractor  
  48  4:09  Spore Crawler  
  46  4:18  Zerg Melee Weapons Level 1  
  46  4:19  Drone x5  
  46  4:24  Queen  
  51  4:32  Drone x4  
  55  4:39  Lair  
  55  4:43  Zergling x2  
  55  4:44  Zergling x6  
  59  4:46  Baneling x2  
  59  4:49  Queen  
  59  4:51  Baneling  
  55  5:00  Baneling  
  55  5:01  Zergling x10  
  60  5:07  Baneling x2  
  60  5:11  Queen  
  60  5:13  Drone x4  
  64  5:21  Extractor  
  64  5:26  Drone x3  
  64  5:27  Overlord  
  61  5:41  Queen  
  61  5:42  Drone x4  
  65  5:49  Hydralisk Den  
  64  5:52  Spore Crawler  
  63  5:59  Drone  
  63  6:00  Drone x9  
  73  6:11  Overlord x3  
  72  6:12  Extractor  
  72  6:14  Extractor  
  72  6:16  Drone x2  
  72  6:18  Drone  
  73  6:22  Centrifical Hooks  
  73  6:26  Overlord  
  73  6:27  Extractor  
  73  6:32  Drone x2  
  74  6:33  Drone  
  74  6:39  Muscular Augments  
  75  6:42  Overlord  
  75  6:45  Zerg Melee Weapons Level 2  
  75  6:46  Drone  
  75  6:47  Drone x6  
  82  6:58  Hydralisk x3, Overlord  
  88  7:04  Hydralisk x2  
  88  7:05  Hatchery  
  91  7:16  Hydralisk x3  
  91  7:21  Hydralisk x2  
  103  7:22  Zergling x4  
  103  7:23  Zergling x4  
  105  7:30  Overlord x2  
  105  7:34  Overlord  
  105  7:36  Overlord x2  
  105  7:44  Pneumatized Carapace  
  105  7:46  Overlord  
  105  7:47  Overlord  
  105  7:48  Baneling x4  
  105  7:49  Baneling x3  
  105  7:54  Hydralisk x2  
  105  7:55  Zergling x2  
  105  7:56  Zergling x6  
  113  8:02  Zergling x8  
  113  8:04  Baneling x4  
  117  8:18  Hydralisk x2  
  117  8:19  Hydralisk x3  
  128  8:20  Queen, Zergling x8  
  128  8:26  Hydralisk x3  
  135  8:31  Baneling x3  
  139  8:34  Overlord x2  
  139  8:37  Zergling x2  
  139  8:38  Zergling x12  
  146  8:43  Baneling x6  
  146  8:44  Baneling  
  146  8:49  Overlord  
  146  8:50  Zergling x8  
  150  8:57  Hydralisk x4  
  156  9:21  Hydralisk x5  
  156  9:22  Zergling x2  
  156  9:23  Zergling x16  
  173  9:26  Overlord x3  
  173  9:30  Hydralisk x4  
  173  9:31  Hydralisk  
  181  9:33  Baneling  
  183  9:50  Baneling  
  183  9:51  Baneling x9  
  183  10:05  Baneling  
  183  10:06  Baneling x8  
  183  10:13  Extractor  
  174  10:14  Zergling x14  
  174  10:15  Zergling x24  
  172  10:41  Drone x3  
  172  10:42  Extractor, Drone x3  
  169  10:43  Hatchery  
  169  10:46  Extractor  
  169  10:47  Baneling x5  
  169  10:48  Hydralisk x3, Baneling x3  
  169  10:49  Zergling x8  
  177  10:50  Overseer  
  177  11:02  Drone x3  
  177  11:03  Extractor, Drone x2  
Tags
 
Add a new tag
Caveats
  • Supply blocks, unpowered buildings, or Contaminate may cause inaccurate times.
  • Supply counts are checked every 10 seconds.